 Dungeon Crawl Stone Soup version 0.32-a0-995-gb4a59205af (webtiles) character file.

Game seed: 719290576058961660

101 jasper the Trooper (level 4, 0/38 HPs)
             Began as a Demonspawn Shapeshifter on Apr 22, 2024.
             Was a Believer of Wu Jian.
             Slain by a gnoll
             ... wielding a +0 whip
              (3 damage)
             ... on level 3 of the Dungeon.
             The game lasted 00:03:50 (2076 turns).

jasper the Trooper (Demonspawn Shapeshifter)        Turns: 2076, Time: 00:03:50

Health: 0/38       AC:  4    Str: 14    XL:     4   Next: 48%
Magic:  4/4        EV: 13    Int:  9    God:    Wu Jian [**....]
Gold:   12         SH:  0    Dex: 14    Spells: 3/3 levels left

rFire   + .          .
                       - Unarmed
rCold   + . .        (no shield)
rNeg    . . .        r - +3 leather armour {rC+}
rPois   .            (helmet currently unavailable)
rElec   .            (cloak currently unavailable)
rCorr   .            (gloves currently unavailable)
SInv    .            (boots currently unavailable)
Will    .....        (no amulet)
Stlth   +            j - ring of protection from fire
HPRegen 0.26/turn    (no ring)
MPRegen 0.09/turn

%: no passive effects
@: mighty, beast-form
A: beast (slay +1), hooves 2, repulsion field 2, deformed body, dopey 1
a: Begin Untransformation, Renounce Religion, Wall Jump


You were on level 3 of the Dungeon.
You worshipped Wu Jian.
Wu Jian was pleased with you.
You were a hulking beast.
You visited 1 branch of the dungeon, and saw 3 of its levels.

You collected 122 gold pieces.
You spent 110 gold pieces at shops.

Inventory:

Hand Weapons
 g - a +0 short sword of draining
Missiles
 s - 5 boomerangs
Armour
 a - a +0 animal skin
 n - a +0 leather armour
 r - a +3 leather armour of cold resistance (worn)
Jewellery
 j - a ring of protection from fire (left hand)
Talismans
 c - a beast talisman (active)
 d - a flux talisman
Scrolls
 e - a scroll of amnesia
 i - a scroll of revelation
 t - a scroll of poison
 x - a scroll of immolation
Potions
 b - a potion of lignification
 f - 2 potions of might
 h - 2 potions of mutation
 l - 2 potions of degeneration {unknown}
 u - 3 potions of ambrosia {unknown}
 w - a potion of berserk rage {unknown}
 z - a potion of haste {unknown}


   Skills:
 + Level 4.4 Fighting
 - Level 1.7 Dodging
 - Level 2.6 Unarmed Combat
 - Level 2.6 Shapeshifting


You had 3 spell levels left.
You didn't know any spells.
Your spell library contained the following spells:

 Spells                   Type           Power      Damage    Failure   Level
 Iskenderun's Battlesphe  Conj           0%         2d6       100%        5
 Bombard                  Conj/Erth      0%         9d1       100%        6
 Spellforged Servitor     Conj/Summ      0%         N/A       100%        7


Dungeon Overview and Level Annotations

Branches:
Dungeon (3/15)

Altars:
Wu Jian

Shops:
D:1 =   D:2 :   D:3 *

Annotations:
D:1 1 transporter


Innate Abilities, Weirdness & Mutations

You are a hulking beast.
Your limbs bulge with bestial killing power. (Slay +1)
You have hoof-like feet.
You are surrounded by a moderate repulsion field. (EV +3)
Armour fits poorly on your strangely shaped body.
You are dopey. (Int -2)


Message History

An adder comes into view.
You take 3 damage, and have 9/38 hp.
It was a potion of mutation.
You feel extremely strange.
You feel stupid.
Your body twists and deforms.
Your feet thicken and deform.
* * * LOW HITPOINT WARNING * * *
You feel very sick.
The adder hisses angrily.
The kobold barely misses you. The gnoll closely misses you.
You take 3 damage, and have 6/38 hp.
It was a potion of curing.
You feel better. The kobold hits you with a +0 dagger.
The gnoll hits you with a +0 whip.
* * * LOW HITPOINT WARNING * * *
You regained 5 hp, and now have 11/38 hp.
You spin and attack the kobold.
You closely miss the kobold. Your kick misses the kobold.
The kobold is moderately wounded.
The kobold hits you but does no damage. The adder bites you.
* * * LOW HITPOINT WARNING * * *
You take 2 damage, and have 9/38 hp.
You completely miss the adder. The kobold closely misses you.
The gnoll hits you with a +0 whip.
* * * LOW HITPOINT WARNING * * *
The adder bites you but does no damage.
You take 3 damage, and have 6/38 hp.
You miss the adder. The kobold hits you with a +0 dagger.
* * * LOW HITPOINT WARNING * * *
The adder misses you. The gnoll hits you with a +0 whip.
* * * LOW HITPOINT WARNING * * *
You take 3 damage, and have 3/38 hp.
You feel better. The adder bites you but does no damage.
The kobold hits you with a +0 dagger. The gnoll hits you with a +0 whip.
* * * LOW HITPOINT WARNING * * *
The gnoll closely misses you.
You regained 3 hp, and now have 6/38 hp.
You feel very mighty all of a sudden. The adder bites you.
* * * LOW HITPOINT WARNING * * *
The gnoll barely misses you. The kobold hits you but does no damage.
The gnoll hits you with a +0 whip.
You die...

*********##*###******** *
*,,,,,,,*.#,..,,,,,,,,***
*,**,**,*.#..*,*,****,#,,
*,,*,*,,*.#.*,*,,*,,,,#.*
*###.####.......,*,****.#
*.........######**,,,,,,.
*########S###### *******#
#######hK###### #
#######g################
#######gg...............
#######.................
#######∩................
#######..............g.g
#######.................
#######.................
#######.................


You could see 3 gnolls, an adder and a kobold.

Vanquished Creatures
  2 adders (D:2)
  5 dart slugs
  A ribbon worm (D:2)
  5 orcs (D:2)
  4 ball pythons
  6 endoplasms (D:1)
  2 giant cockroaches
  8 goblins
  A hobgoblin (D:3)
  9 jackals
  A kobold (D:2)
  2 quokkas
  6 bats
  4 frilled lizards (D:1)
  3 rats
59 creatures vanquished.

Notes
Turn   | Place    | Note
-------+----------+-------------------------------------------
     0 | D:1      | jasper the Demonspawn Shapeshifter began the quest for the
                  | Orb.
     0 | D:1      | Reached XP level 1. HP: 15/15 MP: 1/1
   128 | D:1      | Reached skill level 2 in Fighting
   146 | D:1      | Gained mutation: You are surrounded by a mild repulsion
                  | field. (EV +2) [demonic ancestry]
   146 | D:1      | Reached XP level 2. HP: 22/22 MP: 2/2
   350 | D:1      | Found a faded altar of an unknown god.
   394 | D:1      | Reached skill level 3 in Fighting
   402 | D:1      | Prayed at the altar of an unknown god.
   402 | D:1      | Became a worshipper of the Wu Jian Council
   402 | D:1      | Reached * piety under Wu Jian
   426 | D:1      | Gained mutation: You have large cloven feet. [demonic
                  | ancestry]
   426 | D:1      | Reached XP level 3. HP: 29/29 MP: 3/3
   463 | D:1      | Found Opyup's One-of-a-Kind Rings.
   974 | D:2      | Found Saxudap's Book Shop.
  1354 | D:2      | Gained mutation: You are surrounded by a moderate repulsion
                  | field. (EV +3) [demonic ancestry]
  1354 | D:2      | Reached XP level 4. HP: 37/37 MP: 4/4
  1360 | D:2      | Reached ** piety under Wu Jian
  1361 | D:2      | Reached skill level 4 in Fighting
  1981 | D:3      | Found Jotaekk's Assorted Antiques.
  2046 | D:3      | Bought a scroll labelled PITOETSACA for 19 gold pieces
  2046 | D:3      | Bought a scroll labelled MUTAD WARPH for 19 gold pieces
  2046 | D:3      | Bought a scroll labelled MUTAD WARPH for 19 gold pieces
  2046 | D:3      | Bought a murky yellow potion for 17 gold pieces
  2046 | D:3      | Bought a scroll labelled XEFUXK YPUBRYF for 19 gold pieces
  2046 | D:3      | Bought a lumpy golden potion for 17 gold pieces
  2070 | D:3      | Gained mutation: You are dopey. (Int -2) [potion of
                  | mutation]
  2070 | D:3      | Gained mutation: Armour fits poorly on your strangely
                  | shaped body. [potion of mutation]
  2070 | D:3      | Gained mutation: You have hoof-like feet. [potion of
                  | mutation]
  2076 | D:3      | Slain by a gnoll

Illustrated notes

Levels and vault maps discovered:
D:1:      spicycebolla_arrival_risky_transporter, layout_loops_ring,
          hellmonk_ecumenical_altar_crossroads, serial_bayou_pond_c,
          serial_bayou_pond_d, solitary_fountain, nicolae_shop_unique_rings,
          grunt_decor_fettered, bh_walls_and_bars
D:2:      layout_loops_ring, serial_shops, nicolae_shop_advertising_works
          [nicolae_subvault_shop_adworks]
D:3:      minmay_thinvault, layout_basic, serial_shops, shop

Skill      XL: |  1  2  3  4 |
---------------+-------------+-----
Fighting       | 2 3 4 |  4.4
Dodging        | |  1.7
Unarmed Combat | |  2.6
Shapeshifting  | |  2.6

Action                     |  1- 3 |  4- 6 || total
---------------------------+-------+-------++-------
  Melee: Unarmed           |   137 |    56 ||   193
         Punch             |     2 |     2 ||     4
         Kick              |    18 |    11 ||    29
  Throw: Stone             |       |     7 ||     7
Ability: Lunge             |    12 |     9 ||    21
         Whirlwind         |     5 |    17 ||    22
    Use: Scroll            |       |     8 ||     8
         Potion            |       |     4 ||     4
   Stab: Sleeping          |     2 |       ||     2
 Armour: Animal skin       |    48 |       ||    48
         Leather armour    |     6 |    34 ||    40
  Dodge: Dodged            |    79 |    39 ||   118

Table legend: (Time is in decaauts)
 A = Elapsed time spent in this place.
 B = Non-inter-level travel time spent in this place.
 C = Inter-level travel time spent in this place.
 D = Time resting spent in this place.
 E = Time spent auto-exploring this place.
 F = Levels seen in this place.
 G = Mean time per level.
                   A        B        C        D        E       F      G
               +--------+--------+--------+--------+--------+-----+--------+
         Total |   2077 |   2036 |     41 |    157 |   1373 |   3 |  692.3 |
       Dungeon |   2077 |   2036 |     41 |    157 |   1373 |   3 |  692.3 |
               +--------+--------+--------+--------+--------+-----+--------+

Top non-repeatable levels by time:
     D:1: 923 daAuts
     D:2: 775 daAuts
     D:3: 378 daAuts
